 Dungeon Crawl Stone Soup version 0.27-a0-1090-gb115f176c6 (webtiles) character file.

Game seed: 16242166121344741085

290 karrick the Magician (level 6, -13/41 HPs)
             Began as a Djinni Fire Elementalist on Apr 27, 2021.
             Mangled by Menkaure (16 damage)
             ... on level 4 of the Dungeon.
             The game lasted 00:04:48 (2927 turns).

karrick the Magician (Djinni Fire Elementalist)     Turns: 2927, Time: 00:04:49

Health: -13/41     AC:  8    Str:  9    XL:     6   Next: 32%
Gold:   126        EV: 13    Int: 17    God:
                   SH:  0    Dex: 13

rFire    + + +     SeeInvis .   p - +5 dagger (venom)
rCold    x . .     Faith    .   (no shield)
rNeg     . . .     Spirit   .   o - +2 robe {rF+}
rPois    ∞         Reflect  .   (no helmet)
rElec    .         Harm     .   f - +0 cloak
rCorr    .         Rampage  .   a - +2 pair of gloves
Will     +....                  (boots unavailable)
Stlth    ++........             (no amulet)
HPRegen  0.13/turn              c - ring of willpower
MPRegen  0.00/turn              (no ring)

@: flying
A: fire resistance 2, cold vulnerability 1, float, innate caster, hp casting,
extra vitality 1
a: no special abilities


You were on level 4 of the Dungeon.
You visited 1 branch of the dungeon, and saw 4 of its levels.

You collected 126 gold pieces.

Inventory:

Hand Weapons
 h - a +1 short sword of draining
 p - a +5 dagger of venom (weapon)
Armour
 a - a +2 pair of gloves (worn)
 f - a +0 cloak (worn)
 o - a +2 robe of fire resistance (worn)
Jewellery
 c - a ring of willpower (left hand)
Scrolls
 d - 2 scrolls of teleportation {unknown}
 e - a scroll of fog {unknown}
 j - a scroll of identify {unknown}
Potions
 g - 2 potions of flight {unknown}
 i - 2 potions of mutation {unknown}
 k - a potion of might {unknown}
 l - a potion of magic {unknown}
 m - a potion of lignification {unknown}
 n - 3 potions of curing {unknown}


   Skills:
 + Level 0.8 Fighting
 + Level 1.0 Short Blades
 + Level 3.2 Dodging
 + Level 2.7 Stealth
 + Level 4.8 Spellcasting


You couldn't memorise any spells.
You knew the following spells:

 Your Spells              Type           Power      Damage    Failure   Level
a - Foxfire               Conj/Fire      80%        2x1d8     1%          1
b - Conjure Flame         Conj/Fire      20%        6-21      6%          3
c - Inner Flame           Hex/Fire       20%        N/A       6%          3
d - Sticky Flame          Conj/Fire      20%        2d4       21%         4
e - Fireball              Conj/Fire      10%        3d6       50%         5
f - Sting                 Tmut/Pois      80%        1d7       1%          1
g - Static Discharge      Conj/Air       20%        N/A       3%          2
Your spell library was empty.

Dungeon Overview and Level Annotations

Branches:
Dungeon (4/15)
 Temple: D:4-7

Altars:
Vehumet

Shops:
D:3 =?:

Annotations:
D:4 Menkaure


Innate Abilities, Weirdness & Mutations

You are immune to poison.
Your flesh is very heat resistant. (rF++)
You are vulnerable to cold. (rC-)
You float through the air rather than walking.
You learn spells naturally, not from books.
Your magical power is your life essence.
You have superior vitality. (+4 HP)


Message History

Menkaure calls on the powers of darkness!
The scorpion convulses!
Your body is wracked with pain!
* * * LOW HITPOINT WARNING * * *
The scorpion stings you.
* * * LOW HITPOINT WARNING * * *
Casting: Foxfire (safe; 1% risk of failure)
Confirm with . or Enter, or press ? or * to list all spells.
You conjure some foxfire!
* * * LOW HITPOINT WARNING * * *
The foxfire hits the scorpion but does no damage.
The scorpion is severely wounded.
Menkaure hits you.
* * * LOW HITPOINT WARNING * * *
The scorpion stings you but does no damage.
Okay, then.
You feel much better.
The foxfire hits the scorpion.
The scorpion is almost dead.
The foxfire hits Menkaure.
Menkaure is heavily damaged.
Menkaure hits you!
The scorpion stings you but does no damage.
Casting: Foxfire (safe; 1% risk of failure)
Confirm with . or Enter, or press ? or * to list all spells.
You conjure some foxfire!
Menkaure hits you. The scorpion stings you. Menkaure closely misses you.
Unknown command.
You hit Menkaure.
Menkaure is severely damaged.
The foxfire hits the scorpion.
You kill the scorpion!
The foxfire hits Menkaure but does no damage.
Menkaure is severely damaged.
Menkaure hits you!
* * * LOW HITPOINT WARNING * * *
Casting: Foxfire (safe; 1% risk of failure)
Confirm with . or Enter, or press ? or * to list all spells.
You conjure some foxfire!
* * * LOW HITPOINT WARNING * * *
Menkaure hits you!
You die...

#.# #.## #..#
#.#
##.######.#
#.##.. ...
#..#.# #.#
##.#.# #.#
#.M.# #.#
##v@# #.#
#v.###.######
##.....(....#
#..##.####.#
##:##.# #.#
#.##.# #.#
#..#.# #.#
##.#.# #.#
#.#.# #.#


You could see Menkaure (fast, ally target).

Vanquished Creatures
  A black bear (D:3)
  A scorpion (D:4)
  Jessica (D:3)
  2 orc wizards (D:3)
  6 adders (D:2)
  4 dart slugs
  An orc (D:3)
  4 ball pythons
  5 bats
  3 endoplasms
  3 giant cockroaches
  2 goblins (D:2)
  4 hobgoblins
  A quokka (D:2)
  A frilled lizard (D:1)
  4 kobolds
  A rat (D:2)
44 creatures vanquished.

Vanquished Creatures (others)
  121 foxfires
121 creatures vanquished.

Grand Total: 165 creatures vanquished

Notes
Turn   | Place    | Note
-------+----------+-------------------------------------------
     0 | D:1      | karrick the Djinni Fire Elementalist began the quest for
                  | the Orb.
     0 | D:1      | Reached XP level 1. HP: 15/15 MP: 0/0
   644 | D:1      | Reached skill level 3 in Spellcasting
   644 | D:1      | Reached XP level 2. HP: 19/21 MP: 0/0
   716 | D:1      | Found a faded altar of an unknown god.
   924 | D:2      | Reached XP level 3. HP: 18/25 MP: 0/0
   924 | D:2      | Learned a level 1 spell: Sting
  1218 | D:2      | Reached XP level 4. HP: 19/31 MP: 0/0
  2003 | D:3      | Found Boiraff's Book Shoppe.
  2084 | D:3      | Reached skill level 4 in Spellcasting
  2093 | D:3      | Reached XP level 5. HP: 12/35 MP: 0/0
  2093 | D:3      | Learned a level 2 spell: Static Discharge
  2329 | D:3      | Noticed Jessica
  2332 | D:3      | Killed Jessica
  2471 | D:3      | Found Serchu Mugia's Jewellery Shoppe.
  2480 | D:3      | Found Deotrea's Magic Scroll Shop.
  2620 | D:3      | Noticed a black bear
  2647 | D:3      | Killed a black bear
  2648 | D:3      | Reached XP level 6. HP: 26/41 MP: 0/0
  2831 | D:4      | Reached skill level 1 in Short Blades
  2901 | D:4      | Noticed Menkaure
  2927 | D:4      | Mangled by Menkaure

Illustrated notes

Levels and vault maps discovered:
D:1:      amcnicky_arrival_blooded_trapdoor, layout_basic,
          shapermc_ecumenical_altar_mp_urbaneastern
D:2:      layout_rooms, small_statue_intersection, minmay_misc_feat_diagonals,
          chequers_avenue
D:3:      layout_basic, fiery_altar_vehumet, serial_shops, nicolae_shop_crystal,
          nicolae_shop_waterfront, nicolae_shop_waterfront, uniq_jessica
D:4:      layout_basic, lemuel_crystal_altar, uniq_ijyb, uniq_menkaure

Skill      XL: |  1  2  3  4  5  6 |
---------------+-------------------+-----
Spellcasting   | 3 4 |  4.8
Stealth        | 2 |  2.7
Dodging        | 3 |  3.2
Short Blades   | 1 |  1.0
Fighting       | |  0.8

Action                   |  1- 3 |  4- 6 || total
-------------------------+-------+-------++-------
Melee: Short sword       |     9 |     9 ||    18
       Dagger            |       |    19 ||    19
 Cast: Foxfire           |    27 |    45 ||    72
  Use: Potion            |       |     2 ||     2
 Stab: Sleeping          |     1 |     1 ||     2
Armor: Robe              |     1 |    21 ||    22
Dodge: Dodged            |     6 |    20 ||    26

Table legend: (Time is in decaauts)
 A = Elapsed time spent in this place.
 B = Non-inter-level travel time spent in this place.
 C = Inter-level travel time spent in this place.
 D = Time resting spent in this place.
 E = Time spent auto-exploring this place.
 F = Levels seen in this place.
 G = Mean time per level.
                   A        B        C        D        E       F      G
               +--------+--------+--------+--------+--------+-----+--------+
         Total |   2925 |   2876 |     49 |      0 |   2519 |   4 |  731.2 |
       Dungeon |   2925 |   2876 |     49 |      0 |   2519 |   4 |  731.2 |
               +--------+--------+--------+--------+--------+-----+--------+

Top non-repeatable levels by time:
     D:3: 1065 daAuts
     D:1: 913 daAuts
     D:2: 847 daAuts
     D:4: 99 daAuts
